 Dungeon Crawl Stone Soup version 0.25-a0-35-g747a2b3c0c (webtiles) character file.

Game seed: 1068675441006985990, levelgen mode: deterministic

28 Alarkh the Skirmisher (level 3, 29/29 HPs)
             Began as a Demonspawn Fighter on Oct 18, 2019.
             Got out of the dungeon alive.
             The game lasted 00:00:22 (765 turns).

Alarkh the Skirmisher (Demonspawn Fighter)           Turns: 765, Time: 00:00:23

Health: 29/29      AC:  8    Str: 16    XL:     3   Next: 0%
Magic:  3/3        EV:  7    Int: 10    God:
Gold:   10         SH:  8    Dex: 12    Spells: 2/2 levels left

rFire    . . .     SeeInvis .   a - +0 long sword
rCold    . . .     Gourm    .   c - +0 shield
rNeg     . . .     Faith    .   b - +0 scale mail
rPois    .         Spirit   .   (no helmet)
rElec    .         Reflect  .   (no cloak)
rCorr    .         Harm     .   (no gloves)
MR       .....                  (no boots)
Stlth    +.........             (no amulet)
HPRegen  0.09/turn              (no ring)
MPRegen  0.08/turn              (no ring)

@: no status effects
A: yellow scales 1, nightstalker 1
a: no special abilities


You escaped.
You were not hungry.

You visited 1 branch of the dungeon, and saw 1 of its levels.

You collected 10 gold pieces.

Inventory:

Hand Weapons
 a - a +0 long sword (weapon)
Armour
 b - a +0 scale mail (worn)
 c - a +0 shield (worn)
Jewellery
 e - an uncursed ring of fire {unknown}
 j - a +2 ring of strength {unknown}
Scrolls
 h - a scroll of remove curse {unknown}
 l - a scroll of blinking {unknown}
Potions
 d - a potion of might
 i - a potion of agility {unknown}
 k - a potion of curing {unknown}
Comestibles
 f - a ration
 g - 8 chunks of flesh


   Skills:
 + Level 3.4 Fighting
 + Level 2.0 Long Blades
 + Level 3.0 Armour
 + Level 0.2 Dodging
 + Level 3.0 Shields


You had 2 spell levels left.
You didn't know any spells.
Your spell library was empty.

Dungeon Overview and Level Annotations

Branches:
Dungeon (1/15)

Altars:


Innate Abilities, Weirdness & Mutations

You are partially covered in yellow scales. (AC +2)
You are slightly more attuned to the shadows.


Message History

A hobgoblin is nearby!
Your shield and scale mail prevent you from hitting the hobgoblin.
The hobgoblin hits you but does no damage.
A hobgoblin is nearby!
You hit the hobgoblin.
You kill the hobgoblin!
You have reached level 3!
Your experience leads to an increase in your attributes!
Increase (S)trength, (I)ntelligence, or (D)exterity?
You feel clever.
Your demonic ancestry asserts itself...
Yellow scales grow over part of your body.
g - 8 chunks of flesh (gained 3)
You see here a hobgoblin skeleton. x2
There is an open gate here.
There is an open door here.
There is an open door here.
There is an open door here.
There is a staircase leading out of the dungeon here.
Are you sure you want to leave the Dungeon?
This will make you lose the game!
You have escaped!

#####.#.# #############.#
#.......# #♣#♣♣ #[..≈≈≈≈...###
#.###.### #.'.♣♣#..........###
#.# #.# #.#♣.♣#..........#8.
#.# #.#####.#♣.♣#..........'..
#.# #.##..#.#♣♣.'..........'..
#.# #.##.##'#####..........'.)
#.# #.##.##.....#..........#8.
#.# #.....#..@..#..........#..
#.######..#.....#...≈≈≈≈...###
#........###################
########.......# #.#######
##.############.#...... #.#
#.....>#.##### #.#
#.######...... #.# #.# #######
#[# #[#


There were no monsters in sight!

Vanquished Creatures
  2 dart slugs (D:1)
  A leopard gecko (D:1)
  2 ball pythons (D:1)
  2 goblins (D:1)
  5 hobgoblins (D:1)
  2 bats (D:1)
  3 frilled lizards (D:1)
  4 kobolds (D:1)
  4 rats (D:1)
25 creatures vanquished.

Notes
Turn   | Place    | Note
-------+----------+-------------------------------------------
     0 | D:1      | Alarkh the Demonspawn Fighter began the quest for the Orb.
     0 | D:1      | Reached XP level 1. HP: 18/18 MP: 1/1
   107 | D:1      | Gained mutation: You are slightly more attuned to the
                  | shadows. [demonic ancestry]
   107 | D:1      | Reached XP level 2. HP: 17/24 MP: 2/2
   721 | D:1      | Gained mutation: You are partially covered in yellow
                  | scales. (AC +2) [demonic ancestry]
   721 | D:1      | Reached XP level 3. HP: 29/29 MP: 3/3
   765 | D:$      | Got out of the dungeon alive.

Levels and vault maps discovered:
D:1:      scummos_arrival_gate, layout_loops_ring

Skill      XL: |  1  2 |
---------------+-------+-----
Shields        | 3 |  3.0
Long Blades    | 2 |  2.0
Armour         | 3 |  3.0
Fighting       | |  3.4
Dodging        | |  0.2

Action                   || total
-------------------------++-------
Melee: Long sword        ||    97
Armor: Scale mail        ||    39
Dodge: Dodged            ||    21
Block: Shield            ||    41
       Rpst.: Long sword ||     4

Table legend:
 A = Non-vault XP
 B = Vault XP
 C = Vault XP percentage of total XP
 D = Non-vault monster count
 E = Vault monster count
 F = Vault count percentage of total count
                 A         B        C        D         E       F
            +---------+---------+-------+---------+---------+-------
      Total |      41 |       0 |   0.0 |      25 |       0 |   0.0
            +---------+---------+-------+---------+---------+-------
        D:1 |      41 |       0 |   0.0 |      25 |       0 |   0.0
            +---------+---------+-------+---------+---------+-------
